 Dungeon Crawl Stone Soup version 0.28-b1-25-g9875b3fc8c (webtiles) character file.

Game seed: 11839217422710228689

31 lordive the Digger (level 3, 0/19 HPs)
             Began as a Gargoyle Earth Elementalist on Jan 31, 2022.
             Slain by Terence (7 damage)
             ... on level 1 of the Dungeon.
             The game lasted 00:01:51 (1407 turns).

lordive the Digger (Gargoyle Earth Elementalist)    Turns: 1407, Time: 00:01:53

Health: 0/19       AC:  5    Str: 11    XL:     3   Next: 22%
Magic:  0/6        EV: 12    Int: 17    God:
Gold:   46         SH:  0    Dex: 10    Spells: 5/6 levels left

rFire   . . .      SeeInvis .   d - +0 club
rCold   . . .      Faith    .   (no shield)
rNeg    + . .      Spirit   .   b - +0 robe
rPois   ∞          Reflect  .   (no helmet)
rElec   +          Harm     .   (no cloak)
rCorr   .          Rampage  .   (no gloves)
Will    .....                   (no boots)
Stlth   ++........              (no amulet)
HPRegen 0.06/turn               (no ring)
MPRegen 0.10/turn               (no ring)

@: no status effects
A: sickness immunity, AC +3, negative energy resistance 1, electricity
resistance, torment resistance 1, petrification resistance
a: no special abilities


You were on level 1 of the Dungeon.
You visited 1 branch of the dungeon, and saw 2 of its levels.

You collected 46 gold pieces.

Inventory:

Hand Weapons
 d - a +0 club (weapon)
Missiles
 c - 23 stones
Armour
 b - a +0 robe (worn)
Scrolls
 e - a scroll of teleportation {unknown}
 g - a scroll of vulnerability {unknown}
Potions
 a - 2 potions of haste {unknown}
 f - a potion of curing {unknown}


   Skills:
 + Level 1.0 Maces & Flails
 + Level 1.8 Dodging
 - Level 2.1 Stealth
 + Level 2.2 Spellcasting
 * Level 0.1 Conjurations
 - Level 0.7 Transmutations
 * Level 4.4 Earth Magic


You had 5 spell levels left.
You knew the following spells:

 Your Spells              Type           Power      Damage    Failure   Level
a - Sandblast             Erth           32%        2d9       3%          1

Your spell library contained the following spells:

 Spells                   Type           Power      Damage    Failure   Level
 Passwall                 Tmut/Erth      8%         N/A       10%         2
 Stone Arrow              Conj/Erth      18%        3d8       22%         3
 Ensorcelled Hibernation  Hex/Ice        2%         N/A       28%         2
 Frozen Ramparts          Ice            2%         1d2       50%         3
 Swiftness                Air            1%         N/A       50%         3
 Petrify                  Tmut/Erth      10%        N/A       54%         4
 Ice Form                 Ice/Tmut       3%         N/A       86%         4
 Summon Ice Beast         Ice/Summ       1%         N/A       88%         4


Dungeon Overview and Level Annotations

Branches:
Dungeon (2/15)

Altars:

Annotations:
D:1 Terence


Innate Abilities, Weirdness & Mutations

You are immune to sickness and miasma.
Your stone body is resilient. (AC +3)
You are immune to poison.
You resist negative energy. (rN+)
You are resistant to electric shocks. (rElec)
You are resistant to unholy torment.
You are immune to petrification.


Message History

There is an open door here.
There is a stone staircase leading down here.
You climb downwards.
The adder hisses angrily.
The hobgoblin shouts!
Found a murky dark potion and 10 gold pieces.
There is a stone staircase leading up here.
There are monsters nearby!
Terence hits you with a +0 trident.
You climb upwards.
There is a stone staircase leading down here.
The blast of sand hits Terence but does no damage.
Terence hits you with a +0 trident.
The blast of sand hits Terence but does no damage.
Terence closely misses you.
The blast of sand hits Terence but does no damage.
Terence hits you with a +0 trident. Terence completely misses you.
Casting: Sandblast (safe; 3% risk of failure)
Confirm with . or Enter, or press ? or * to list all spells.
Aiming: Sandblast (safe; 3% risk of failure)
Press: ? - help, Shift-Dir - straight line, f/p - Terence
Aim: Terence, wielding a +0 trident and wearing a +3 chain mail of positive energy (85% to hit)
The blast of sand hits Terence but does no damage.
Terence barely misses you.
Unknown command.
Casting: Sandblast (safe; 3% risk of failure)
Confirm with . or Enter, or press ? or * to list all spells.
Aiming: Sandblast (safe; 3% risk of failure)
Press: ? - help, Shift-Dir - straight line, f/p - Terence
Aim: Terence, wielding a +0 trident and wearing a +3 chain mail of positive energy (85% to hit)
The blast of sand hits Terence but does no damage.
Terence barely misses you.
Casting: Sandblast (safe; 3% risk of failure)
Confirm with . or Enter, or press ? or * to list all spells.
Aiming: Sandblast (safe; 3% risk of failure)
Press: ? - help, Shift-Dir - straight line, f/p - Terence
Aim: Terence, wielding a +0 trident and wearing a +3 chain mail of positive energy (85% to hit)
The blast of sand hits Terence but does no damage.
Terence hits you from afar with a +0 trident!
You die...

...).....................#
#.....
.........................#
#.....
..............)..........#
######
############'#...........#
#.#...........# ##########
#.............# .........#
##............#
.........####............#
..............@.@........#
.........######..........#
.........# ############
.........# .........#
.........# .........#
##########


You could see Terence.

Vanquished Creatures
  A dart slug (D:1)
  3 endoplasms (D:1)
  3 giant cockroaches (D:1)
  2 goblins (D:1)
  A hobgoblin (D:1)
  2 jackals (D:1)
  A quokka (D:1)
  2 ball pythons (D:1)
  2 bats (D:1)
  A frilled lizard (D:1)
  5 kobolds (D:1)
  2 rats (D:1)
25 creatures vanquished.

Notes
Turn   | Place    | Note
-------+----------+-------------------------------------------
     0 | D:1      | lordive the Gargoyle Earth Elementalist began the quest for
                  | the Orb.
     0 | D:1      | Reached XP level 1. HP: 10/10 MP: 3/3
   128 | D:1      | Reached skill level 4 in Earth Magic
   176 | D:1      | Found a faded altar of an unknown god.
   181 | D:1      | Reached XP level 2. HP: 15/15 MP: 5/5
   784 | D:1      | Reached XP level 3. HP: 18/19 MP: 6/6
   967 | D:1      | Reached skill level 1 in Maces & Flails
  1397 | D:2      | Noticed Terence
  1407 | D:1      | Slain by Terence

Illustrated notes

Levels and vault maps discovered:
D:1:      shiori_arrival_oz, layout_basic, hellmonk_ecumenical_altar_dog_temple
D:2:      layout_loops_corners, uniq_robin, uniq_terence

Skill      XL: |  1  2  3 |
---------------+----------+-----
Earth Magic    | 4 |  4.4
Maces & Flails | 1 |  1.0
Dodging        | |  1.8
Stealth        | |  2.1
Spellcasting   | |  2.2
Conjurations   | |  0.1
Transmutations | |  0.7

Action                   || total
-------------------------++-------
Melee: Club              ||    84
       Punch             ||     2
 Cast: Sandblast         ||    15
 Stab: Sleeping          ||     6
Armor: Robe              ||    39
Dodge: Dodged            ||    87
